[Event "Team 45 45 League T30"]
[Site "Internet Chess Club"]
[Date "2006.05.14"]
[Round "8"]
[White "QuantumWell"]
[Black "chiiwen"]
[Result "1-0"]
[WhiteElo "1995"]
[BlackElo "1726"]
[TimeControl "2700+45"]

1. d4 Nf6 2. c4 g6 3. Nc3 Bg7 4. e4 d6 5. Bg5 O-O 6. Qd2 Nbd7 7. Nf3 c6 8. Be2
a6 9. O-O b5 10. cxb5 axb5 11. b4 Qc7 12. Rfc1 Qb8 13. d5 Bb7 14. dxc6 Bxc6 15.
a3 Re8 16. Nd4 Nxe4 17. Nxc6 Nxd2 18. Nxb8 Nb3 19. Nxd7 Nxa1 20. Nxb5 Rac8 21.
Nc7 Red8 22. Nb6 Nb3 23. Rc4 Rb8 24. Bxe7 {Black resigns} 1-0  aics%

[Event "Team 45 45 League T30"]
[Site "Internet Chess Club"]
[Date "2006.05.13"]
[Round "8"]
[White "MaunaKeaMike"]
[Black "Theodulf"]
[Result "1-0"]
[WhiteElo "1782"]
[BlackElo "1644"]
[TimeControl "2700+45"]

1. Nf3 d5 2. g3 Nf6 3. Bg2 c6 4. O-O Bg4 5. h3 Bh5 6. d3 Nbd7 7. Nbd2 e5 8. e4
Bd6 9. Qe1 O-O 10. b3 Bb4 11. g4 dxe4 12. dxe4 Bg6 13. Qe2 Bc3 14. Ba3 Re8 15.
Rad1 b5 16. Nh2 Qc7 17. Nb1 Ba5 18. b4 Bb6 19. Bb2 Rad8 20. c4 bxc4 21. Qxc4 c5
22. b5 Nb8 23. Nc3 Rd4 24. Qe2 h6 25. Nf3 Rxd1 26. Rxd1 Qb7 27. Nh4 Bh7 28. Nf5
Bxf5 29. gxf5 Qc8 30. Nd5 Nxd5 31. Rxd5 f6 32. Qc4 Kh8 33. Ba3 Rd8 34. Bf1 Rxd5
35. Qxd5 Nd7 36. Bc1 Qd8 37. Be3 Qc8 38. Bc4 Qe8 39. Kh2 Qd8 40. Qf7 Nb8 41. Qg6
Qf8 42. Qg1 Nd7 43. Qd1 Qe7 44. Qd2 Qe8 45. Bxh6 Ba5 46. Qxa5 gxh6 47. Qxa7 Qe7
48. Be6 c4 49. Bxc4 Qc5 50. Qxc5 Nxc5 51. Bd5 Na4 52. Bb3 {Black resigns} 1-0 
aics%

[Event "Team 45 45 League T30"]
[Site "Internet Chess Club"]
[Date "2006.05.13"]
[Round "8"]
[White "Qualm"]
[Black "tourettes"]
[Result "1-0"]
[WhiteElo "1853"]
[BlackElo "1707"]
[TimeControl "2700+45"]

1. e4 e6 2. d4 d5 3. Nd2 dxe4 4. Nxe4 Nf6 5. Bd3 Nxe4 6. Bxe4 Nd7 7. Nf3 Be7 8.
O-O Nf6 9. Bd3 O-O 10. Ne5 c5 11. dxc5 Bxc5 12. Bg5 h6 13. Bh4 Be7 14. c3 Qc7
15. Qe2 b6 16. Bxf6 Bxf6 17. Qe4 Re8 18. Ng4 Bb7 19. Nxf6+ gxf6 20. Qh7+ Kf8 21.
Bg6 Rac8 22. Bh5 Bd5 23. c4 Bc6 24. Rac1 Qb7 25. f3 f5 26. Rfe1 Rc7 27. b4 a6
28. c5 Qb8 29. cxb6 Qxb6+ 30. Kh1 Qxb4 31. Red1 Qb7 32. Qxh6+ Ke7 33. Qg5+ Kf8
34. h4 Bd5 35. Qf6 Rec8 36. Bxf7 Rxf7 37. Rxc8+ Qxc8 38. Qh8+ Ke7 39. Qxc8
{Black resigns} 1-0  aics%

[Event "Team 45 45 League T30"]
[Site "Internet Chess Club"]
[Date "2006.05.14"]
[Round "8"]
[White "kingfischer57"]
[Black "buzzard"]
[Result "1-0"]
[WhiteElo "1745"]
[BlackElo "1650"]
[TimeControl "2700+45"]

1. d4 d5 2. c4 c5 3. Nf3 cxd4 4. Nxd4 e5 5. Nf3 d4 6. Bd2 Nc6 7. g3 Bg4 8. Bg2
Nf6 9. h3 Bf5 10. O-O Qc7 11. Na3 Bxa3 12. bxa3 O-O 13. Qc1 Be6 14. Qc2 h6 15.
Rab1 e4 16. Ne1 e3 17. Bb4 exf2+ 18. Rxf2 Rfc8 19. Bd2 Nd7 20. Kh2 Nc5 21. Nd3
b6 22. Nf4 Qd7 23. Nxe6 Nxe6 24. Rbf1 Rf8 25. Qe4 Rac8 26. Qf5 Ne7 27. Qg4 Nc5
28. Qh5 Qe6 29. Bf3 Qxc4 30. Bxh6 gxh6 31. Qxh6 Qe6 32. Qh4 Nf5 33. Qg4+ Qg6 34.
Qf4 Ne6 35. Qe5 Rc5 36. Bd5 Rxd5 37. Qxd5 Qxg3+ 38. Kh1 Qxh3+ 39. Kg1 Kh8 40.
Rg2 Ne3 41. Qe5+ f6 42. Rh2 Rg8+ 43. Kh1 Qxh2+ 44. Qxh2+ Kg7 45. Rg1+ Ng5 46.
Rxg5+ fxg5 47. Qe5+ Kg6 48. Qxd4 Nf5 49. Qe4 Kf6 50. Qc6+ Ke5 51. Qc7+ Ke4 52.
Qc4+ {Black resigns} 1-0  aics%

[Event "Team 45 45 League T30"]
[Site "Internet Chess Club"]
[Date "2006.05.13"]
[Round "8"]
[White "Migs-19"]
[Black "crankn8tr"]
[Result "0-1"]
[WhiteElo "1590"]
[BlackElo "1662"]
[TimeControl "2700+45"]

1. e4 e5 2. Nf3 Nf6 3. Nxe5 d6 4. Nf3 Nxe4 5. Bc4 d5 6. Bb3 Nc5 7. Qe2+ Be6 8.
Nd4 Nxb3 9. Nxe6 fxe6 10. Qxe6+ Qe7 11. Qxe7+ Bxe7 12. axb3 O-O 13. O-O Nc6 14.
c3 Rae8 15. d4 Bf6 16. Na3 a6 17. Bf4 Re2 18. Rab1 Na5 19. b4 Nb3 20. Rfe1 Rfe8
21. Rxe2 Rxe2 22. Kf1 Re7 23. Re1 c6 24. Rxe7 Bxe7 25. Ke2 a5 26. bxa5 Nxa5 27.
Kd3 Bxa3 28. bxa3 Nc4 29. Bc7 Nxa3 30. Bb6 Nc4 31. Bc5 Kf7 32. h4 h5 33. f3 Ke6
34. g4 g6 35. Ke2 Kf6 36. Kf2 Ke6 37. Kg3 Kf6 38. Kf4 Nb2 39. gxh5 gxh5 40. Bd6
Nd1 41. Bb4 Nb2 42. Ke3 Kf5 43. Be7 Nc4+ 44. Ke2 Nb2 45. Bg5 Nc4 46. Kd3 Ke6 47.
f4 Kf5 48. Kc2 Ne3+ 49. Kb3 Ng2 50. Kb4 Nxf4 51. Kc5 Ne6+ 52. Kb6 Nxg5 53. hxg5
Kxg5 54. Kxb7 h4 55. Kxc6 h3 56. Kxd5 h2 57. Kc6 h1=Q+ 58. d5 Qc1 59. d6 Qxc3+
60. Kd7 Kf6 61. Ke8 Qc8# {White checkmated} 0-1  aics%

[Event "Team 45 45 League T30"]
[Site "Internet Chess Club"]
[Date "2006.05.15"]
[Round "8"]
[White "NESKAYA"]
[Black "bonecore"]
[Result "1-0"]
[WhiteElo "1548"]
[BlackElo "1555"]
[TimeControl "2700+45"]

1. e4 e6 2. d4 d5 3. exd5 exd5 4. h3 Bf5 5. Nf3 Nd7 6. Bd3 Bg6 7. Bxg6 fxg6 8.
Bg5 Be7 9. Qe2 Ngf6 10. Nbd2 O-O 11. O-O h6 12. Rfe1 Rf7 13. Bxf6 gxf6 14. Qb5
Nb6 15. Qd3 Kg7 16. Re6 Nd7 17. Rae1 Nf8 18. R6e3 Bd6 19. Qb5 Bf4 20. Re8 Qxe8
21. Rxe8 c6 22. Qe2 Rxe8 23. Qxe8 {Black resigns} 1-0  aics%

[Event "Team 45 45 League T30"]
[Site "Internet Chess Club"]
[Date "2006.05.12"]
[Round "8"]
[White "BorgCollective"]
[Black "Ingo"]
[Result "1-0"]
[WhiteElo "1833"]
[BlackElo "1684"]
[TimeControl "2700+45"]

1. f4 g5 2. fxg5 e5 3. d4 h6 4. dxe5 hxg5 5. Nf3 g4 6. Nd4 g3 7. h3 Bc5 8. Bf4
Nc6 9. e3 Nge7 10. Nc3 Ng6 11. Bxg3 Ncxe5 12. Qd2 d6 13. O-O-O Bg4 14. hxg4 Rxh1
15. Bb5+ c6 16. Rxh1 cxb5 17. Nf5 Nc4 18. Qd5 Qb6 19. Ng7+ Kf8 20. Ne6+ fxe6 21.
Qxe6 Bxe3+ 22. Kb1 d5 23. Qf5+ Kg7 24. Qd7+ Kg8 25. Qh7+ Kf8 26. Nxd5 Qd4 27.
Rf1+ Nf4 28. Qe7+ Kg8 29. Nf6+ Qxf6 30. Qxf6 {Black resigns} 1-0  aics%

[Event "Team 45 45 League T30"]
[Site "Internet Chess Club"]
[Date "2006.05.12"]
[Round "8"]
[White "Boromir"]
[Black "Amauta"]
[Result "1/2-1/2"]
[WhiteElo "1924"]
[BlackElo "1953"]
[TimeControl "2700+45"]

1. d4 f5 2. g3 e6 3. Bg2 Nf6 4. Nf3 Be7 5. O-O O-O 6. c4 d6 7. b3 Ne4 8. Bb2 b6
9. Nc3 Bb7 10. d5 Bf6 11. Nd4 Bxd4 12. Qxd4 e5 13. Qd3 Nxc3 14. Qxc3 Nd7 15. f4
Qe8 16. e4 Qh5 17. exf5 Rxf5 18. Bf3 Qh3 19. Bg2 Qh5 20. Rae1 Raf8 21. Bf3 Qh3
22. Bg2 Qh5 23. Bf3 Qh3 24. Bg2 Qh5 {Game drawn by repetition} 1/2-1/2  aics%

[Event "Team 45 45 League T30"]
[Site "Internet Chess Club"]
[Date "2006.05.14"]
[Round "8"]
[White "room-matt"]
[Black "JohnnySP"]
[Result "1-0"]
[WhiteElo "1852"]
[BlackElo "1756"]
[TimeControl "2700+45"]

1. e4 e5 2. Nf3 Nc6 3. Bb5 a6 4. Ba4 Nf6 5. O-O Be7 6. Qe2 b5 7. Bb3 d6 8. d4
Bg4 9. dxe5 Nxe5 10. Rd1 Qc8 11. Nbd2 O-O 12. a4 Rb8 13. h3 Bh5 14. axb5 axb5
15. Ra2 c5 16. c3 Re8 17. Qe3 Bf8 18. Nxe5 c4 19. Nef3 cxb3 20. Nxb3 Rxe4 21.
Qd3 Qe6 22. Ra3 Bxf3 23. Qxf3 d5 24. Ra7 Bd6 25. Be3 Qe5 26. g3 Qe8 27. Bd4 Be5
28. g4 Bxd4 29. Nxd4 Re1+ 30. Rxe1 Qxe1+ 31. Kh2 Qe5+ 32. Kg2 Qe4 33. Qxe4 dxe4
34. Nc6 Re8 35. Rb7 g6 36. Rxb5 e3 37. fxe3 Rxe3 38. c4 Re2+ 39. Kf3 Rh2 40. Kg3
Rd2 41. b4 Ne4+ 42. Kf4 Nc3 43. Rb7 Rf2+ 44. Ke5 f5 45. gxf5 Rxf5+ 46. Kd4 Ne2+
47. Ke3 Rf6 48. b5 Nf4 49. Ne7+ Kf8 50. Nd5 Nxd5+ 51. cxd5 h6 52. Ke4 g5 53. Ra7
Rb6 54. Ra5 Ke7 55. Ke5 h5 56. Kd4 g4 57. hxg4 hxg4 58. Kc5 Rh6 59. Ra7+ Kd8 60.
b6 Kc8 61. Rc7+ Kd8 62. d6 Rh1 63. b7 Rc1+ 64. Kb6 Rb1+ 65. Kc5 Rc1+ 66. Kd5
Rxc7 67. b8=Q+ Rc8 68. Qb6+ Kd7 69. Qb7+ {Black resigns} 1-0  aics% 
princepawn(90): Aziraphale is not logged in. aics%

[Event "Team 45 45 League T30"]
[Site "Internet Chess Club"]
[Date "2006.05.13"]
[Round "8"]
[White "martineden"]
[Black "Simonside"]
[Result "1/2-1/2"]
[WhiteElo "1924"]
[BlackElo "1883"]
[TimeControl "2700+45"]

1. d4 d5 2. c4 e6 3. Nf3 Nf6 4. Nc3 Nbd7 5. Bg5 c6 6. e3 Be7 7. Be2 h6 8. Bh4
O-O 9. O-O Re8 10. Rc1 dxc4 11. Bxc4 Nd5 12. Bxe7 Qxe7 13. a3 b6 14. Ne2 Bb7 15.
e4 N5f6 16. e5 Nd5 17. Ng3 c5 18. Ne4 Ne3 19. fxe3 Bxe4 20. Nd2 Bf5 21. Bb5 Red8
22. Nc4 cxd4 23. exd4 Qg5 24. Nd6 Nxe5 25. dxe5 Qe3+ 26. Rf2 Qxe5 27. Rd2 Rxd6
28. Rxd6 Qxb5 29. b4 Qe5 30. Qd2 b5 31. Rdc6 a6 32. Re1 Qb8 33. Qd7 Qa7+ 34.
Qxa7 Rxa7 35. Rc8+ Kh7 36. Rec1 a5 37. R8c7 Rxc7 38. Rxc7 axb4 39. axb4 f6 40.
Kf2 e5 41. Ke3 Be6 42. Rc5 Bd7 43. Ke4 Kg6 44. Kd5 Be8 45. Kd6 Kf7 46. g4 Kf8
47. h3 Kf7 48. Rc7+ Kf8 49. Rc8 Kf7 50. Rc7+ Kf8 51. Kc5 h5 52. gxh5 e4 53. Kd4
f5 54. Ke3 Bxh5 55. Rc5 g6 56. Rxb5 Ke7 57. Rc5 Kd6 58. Kd4 Bf3 59. h4 Bg2 60.
b5 e3 61. b6 e2 62. Rc1 f4 63. Kd3 Bf3 64. Re1 Kc6 65. Rxe2 Bxe2+ 66. Kxe2 Kxb6
67. Kf3 Kc6 68. Kxf4 Kd6 69. Kg5 Ke7 70. Kxg6 Kf8 {Game drawn by mutual
agreement} 1/2-1/2  aics%

[Event "Team 45 45 League T30"]
[Site "Internet Chess Club"]
[Date "2006.05.14"]
[Round "8"]
[White "bondguy01"]
[Black "mickeys"]
[Result "1/2-1/2"]
[WhiteElo "1618"]
[BlackElo "1720"]
[TimeControl "2700+45"]

1. d4 e6 2. c4 Nf6 3. Nf3 b6 4. e3 Bb7 5. Bd3 g6 6. Nc3 d6 7. O-O Bg7 8. e4 O-O
9. h3 Nbd7 10. Be3 Nh5 11. Qd2 f5 12. Bh6 f4 13. Bxg7 Kxg7 14. Qe2 e5 15. dxe5
dxe5 16. Rad1 Qe7 17. Nd5 Bxd5 18. cxd5 Nc5 19. Bb1 a5 20. a3 a4 21. Ba2 Qd6 22.
Rc1 Nf6 23. Bb1 c6 24. dxc6 Rfe8 25. Rfd1 Qxc6 26. Nd2 Rad8 27. b4 axb3 28. Nxb3
Rxd1+ 29. Qxd1 Nfxe4 30. Bxe4 Qxe4 31. Nxc5 bxc5 32. Rxc5 Qa8 33. Qd7+ Kh6 34.
Rc7 Qd8 35. Qxh7+ Kg5 36. Rd7 Qf6 37. Ra7 Rd8 38. Rd7 Rc8 39. Rc7 Rb8 40. Rb7
Ra8 41. Ra7 Rc8 42. Rc7 {Game drawn by mutual agreement} 1/2-1/2  aics%

[Event "Team 45 45 League T30"]
[Site "Internet Chess Club"]
[Date "2006.05.13"]
[Round "8"]
[White "jonesey"]
[Black "SaltofLife"]
[Result "0-1"]
[WhiteElo "2013"]
[BlackElo "1980"]
[TimeControl "2700+45"]

1. e4 e5 2. Nf3 Nc6 3. Bc4 Bc5 4. c3 Nf6 5. d4 exd4 6. cxd4 Bb4+ 7. Nc3 Nxe4 8.
O-O Bxc3 9. d5 Bf6 10. Re1 Ne7 11. Rxe4 d6 12. Bg5 Bxg5 13. Nxg5 h6 14. Qe2 hxg5
15. Re1 Be6 16. dxe6 f6 17. Re3 c6 18. Rh3 Rxh3 19. gxh3 g6 20. b4 Kf8 21. h4
gxh4 22. Qg4 Kg7 23. Qxh4 Qh8 24. Qd4 d5 25. Qc5 Qd8 26. Bd3 b6 27. Qd4 Qd6 28.
Re3 Rh8 29. h4 Rh5 30. Bxg6 Re5 31. Bf7 Rxe3 32. fxe3 Qg3+ 33. Kf1 Nf5 34. Qd3
Nxh4 35. Qe2 Nf3 36. Qd3 Nh2+ 37. Ke2 Qf3+ 38. Ke1 Qh1+ 39. Kf2 Ng4+ 40. Kg3
Qg1+ {White forfeits on time} 0-1  aics%

[Event "Team 45 45 League T30"]
[Site "Internet Chess Club"]
[Date "2006.05.11"]
[Round "8"]
[White "trivialpursuit"]
[Black "Bort"]
[Result "1-0"]
[WhiteElo "1920"]
[BlackElo "1962"]
[TimeControl "2700+45"]

1. e4 c5 2. Nc3 Nc6 3. g3 g6 4. Bg2 Bg7 5. d3 d6 6. Be3 Rb8 7. Qd2 b5 8. Nge2 b4
9. Nd1 Nd4 10. O-O e6 11. f4 Ne7 12. c3 bxc3 13. bxc3 Nxe2+ 14. Qxe2 O-O 15. d4
Qa5 16. Qc2 Ba6 17. Rf2 cxd4 18. cxd4 Qe1+ 19. Bf1 Rfc8 20. Qd2 Qxd2 21. Rxd2
Bxf1 22. Kxf1 d5 23. e5 h5 24. h3 Nf5 25. Bf2 Bf8 26. g4 hxg4 27. hxg4 Ne7 28.
Ne3 Rc3 29. Ke2 Nc6 30. g5 Rb4 31. Ng4 Bg7 32. Rad1 Kf8 33. Rd3 Rcc4 34. R1d2
Ra4 35. a3 Ke8 36. Rb3 Na5 37. Rb8+ Ke7 38. Nf6 Bxf6 39. gxf6+ Kd7 40. Rf8 Nb3
41. Rxf7+ Ke8 42. Re7+ Kf8 43. Rb2 Rxa3 44. Rxe6 Rb4 45. Rc2 Ra2 46. Rxa2 Nc1+
47. Kf3 Nxa2 48. Ra6 Nc3 49. Rxa7 Nb5 50. Rg7 {Black resigns} 1-0  aics%

[Event "Team 45 45 League T30"]
[Site "Internet Chess Club"]
[Date "2006.05.13"]
[Round "8"]
[White "forketta"]
[Black "JudokaUsa"]
[Result "1/2-1/2"]
[WhiteElo "1965"]
[BlackElo "1901"]
[TimeControl "2700+45"]

1. d4 d6 2. c4 e5 3. Nf3 e4 4. Ng5 f5 5. Nc3 Be7 6. Nh3 Nf6 7. Bg5 c6 8. Nf4 Na6
9. e3 Nc7 10. Qb3 O-O 11. Be2 h6 12. Bxf6 Rxf6 13. d5 g5 14. Nh5 Rf8 15. h4 g4
16. Nf4 Kh7 17. g3 Bf6 18. Qc2 Bd7 19. O-O c5 20. Rab1 Rb8 21. a3 Be5 22. b4 Qf6
23. Rfc1 Rfe8 24. Nd1 Rec8 25. bxc5 dxc5 26. Nc3 a6 27. Na4 b6 28. Rd1 Ne8 29.
d6 Bxf4 30. exf4 Rc6 31. Nc3 Rxd6 32. Nd5 Qf7 33. Qc3 Be6 34. Ne3 Rbd8 35. Rxd6
Rxd6 36. Rb2 Qf6 37. Qc2 Qd4 38. Qb1 b5 39. cxb5 axb5 40. Rxb5 Qd2 41. Kf1 Qc3
42. Qc2 Qxa3 43. Rxc5 Ng7 44. Qc3 Qxc3 45. Rxc3 Rd2 46. Rc6 {Game drawn by
mutual agreement} 1/2-1/2  aics%

[Event "Team 45 45 League T30"]
[Site "Internet Chess Club"]
[Date "2006.05.14"]
[Round "8"]
[White "JustinSane"]
[Black "NFork"]
[Result "1-0"]
[WhiteElo "2258"]
[BlackElo "2136"]
[TimeControl "2700+45"]

1. d4 Nf6 2. Bf4 g6 3. e3 Bg7 4. Be2 c5 5. Nf3 Qb6 6. Nc3 cxd4 7. exd4 O-O 8.
Qd2 Nc6 9. O-O d5 10. Nb5 Ne4 11. Qe3 Qd8 12. Nc7 Nxd4 13. Nxd4 e5 14. Bxe5 Bxe5
15. Nxa8 Bd7 16. c3 Bd6 17. Bb5 Re8 18. Bxd7 Qxd7 19. Qd3 Rxa8 20. Rad1 Rd8 21.
Nc2 Qc7 22. g3 Bc5 23. c4 Qb6 24. b4 Bxf2+ 25. Kg2 f5 26. c5 Bxc5 27. bxc5 Qxc5
28. Nd4 Rc8 29. g4 fxg4 30. Rc1 Nc3 31. Rfe1 Qa3 32. Rc2 Rc4 33. Re8+ Kf7 34.
Qe3 Rxd4 35. Rf2+ {Black resigns} 1-0  aics%

[Event "Team 45 45 League T30"]
[Site "Internet Chess Club"]
[Date "2006.05.12"]
[Round "8"]
[White "NoLuckOnlySkill"]
[Black "ROWLAND"]
[Result "1-0"]
[WhiteElo "1963"]
[BlackElo "1964"]
[TimeControl "2700+45"]

1. e4 e5 2. Nf3 d6 3. h3 Nf6 4. Nc3 Nc6 5. Bb5 Bd7 6. O-O g6 7. Re1 Bg7 8. d4
Nxd4 9. Nxd4 exd4 10. Qxd4 O-O 11. Bc4 Ng4 12. Qd1 Ne5 13. Bb3 Qh4 14. f4 Bxh3
15. fxe5 Qg3 16. Qe2 Bxe5 17. Kf1 Bd4 18. Rd1 c5 19. Nb5 Bg4 20. Qe1 Bf2 21.
Qxf2 Qxf2+ 22. Kxf2 Bxd1 23. Bh6 Bxc2 24. Bxf8 Bxb3 25. Bxd6 Bc4 26. Nc3 b6 27.
b3 Be6 28. Be7 f5 29. e5 Kf7 30. Bf6 Rc8 31. Nb5 Ra8 32. Nd6+ Kg8 33. Ke3 a5 34.
Nb5 Rc8 35. Rd1 c4 36. bxc4 Rxc4 37. Rd8+ Kf7 38. Nd6# {Black checkmated} 1-0 
aics% 



ATHENNA22(71): !!!!!!!!!!
aics%

[Event "ICC 45 45"]
[Site "Internet Chess Club"]
[Date "2006.05.13"]
[Round "8"]
[White "fileman"]
[Black "PUUNTUUPPAAJA"]
[Result "0-1"]
[WhiteElo "1926"]
[BlackElo "2039"]
[TimeControl "2700+45"]

1. e4 e5 2. f4 d5 3. exd5 e4 4. d3 f5 5. dxe4 fxe4 6. Qh5+ g6 7. Qe5+ Kf7 8.
Qxh8 Nf6 9. f5 Bb4+ 10. c3 Qxh8 11. fxg6+ hxg6 12. cxb4 Nxd5 13. b5 c6 14. Na3
Nd7 15. Bc4 Nc5 16. Ne2 Nd3+ 17. Kd2 e3+ 18. Kc2 Nxc1 19. Raxc1 Bf5+ 20. Kb3 a5
21. bxa6 bxa6 22. Nc3 Qb8+ 23. Ka4 Qb4# {White checkmated} 0-1  aics%

[Event "Team 45 45 League T30"]
[Site "Internet Chess Club"]
[Date "2006.05.15"]
[Round "8"]
[White "bahus"]
[Black "BillyNoMates"]
[Result "1/2-1/2"]
[WhiteElo "1887"]
[BlackElo "1921"]
[TimeControl "2700+45"]

1. e4 e5 2. Nf3 Nc6 3. Bb5 a6 4. Ba4 Nf6 5. O-O Be7 6. Re1 d6 7. c3 b5 8. Bb3
O-O 9. h3 Na5 10. Bc2 c5 11. d4 Qc7 12. Nbd2 Bd7 13. Nf1 Rac8 14. Ne3 cxd4 15.
cxd4 Nc4 16. Nxc4 bxc4 17. Bd2 Rb8 18. Bc3 exd4 19. Nxd4 Rfe8 20. Qf3 Bf8 21.
Rad1 Be6 22. e5 dxe5 23. Nc6 Bd5 24. Rxd5 Qxc6 25. Rdxe5 Qxf3 26. gxf3 Rxe5 27.
Bxe5 Re8 28. Bc3 Rxe1+ 29. Bxe1 Nd5 30. Bd2 Bb4 31. Be4 c3 32. bxc3 Nxc3 33.
Bxc3 Bxc3 34. Kg2 Be5 35. h4 h5 36. Kf1 Bf6 37. f4 Bxh4 38. f5 Bg5 39. Kg2 Kf8
40. Bf3 g6 41. fxg6 fxg6 42. Be4 Kg7 43. f3 Bf4 44. Kh3 g5 45. Bc6 a5 46. Bb7
Kf6 47. Bc6 Ke5 48. Be8 h4 49. Bc6 Kd4 50. a4 {Game drawn by mutual agreement}
1/2-1/2  aics%

[Event "Team 45 45 League T30"]
[Site "Internet Chess Club"]
[Date "2006.05.15"]
[Round "8"]
[White "RD1974"]
[Black "martineden"]
[Result "0-1"]
[WhiteElo "1603"]
[BlackElo "1928"]
[TimeControl "2700+45"]

1. d4 d5 2. Nc3 Nf6 3. Bg5 Nbd7 4. Qd3 c6 5. e4 Nxe4 6. Nxe4 dxe4 7. Qxe4 Nf6 8.
Bxf6 gxf6 9. O-O-O Be6 10. Kb1 Qa5 11. a3 O-O-O 12. Nf3 Qd5 13. Qxd5 Bxd5 14.
Be2 e6 15. Rhe1 Bh6 16. g3 Be4 17. Nh4 Bg7 18. Bf3 Bxf3 19. Nxf3 Rd5 20. Nh4
Rhd8 21. c3 c5 22. Kc2 cxd4 23. Rxd4 Rxd4 24. cxd4 Rxd4 25. Re3 Kd7 26. Rd3 Rxd3
27. Kxd3 f5 28. b3 Bf6 29. Ng2 a5 30. a4 Kd6 31. Kc4 Ke5 32. f3 Kd6 33. h3 Kc6
34. Nf4 Be5 35. Ne2 f6 36. f4 Bb2 37. b4 axb4 38. Kxb4 Kd5 39. Kb5 Ke4 40. Kc4
Ke3 41. Nc3 Kf3 42. Nb5 Kxg3 43. Nd6 Kxf4 44. Nxb7 Bc1 45. a5 Be3 46. a6 Ba7 47.
Na5 e5 48. Nc6 Bb6 49. Kd3 Kg3 50. Ne7 f4 51. Ke2 f3+ 52. Kf1 Kxh3 53. Nd5 Ba7
54. Nxf6 Kh4 55. Nxh7 e4 56. Nf6 e3 57. Nd5 Kg3 58. Nc3 f2 59. Ne2+ Kf3 60. Nd4+
Bxd4 61. a7 e2# {White checkmated} 0-1  aics%

[Event "Team 45 45 League T30"]
[Site "Internet Chess Club"]
[Date "2006.05.12"]
[Round "8"]
[White "Kaseirovski"]
[Black "Rainbird"]
[Result "0-1"]
[WhiteElo "1658"]
[BlackElo "1703"]
[TimeControl "2700+45"]

1. e4 c5 2. Nf3 e6 3. d4 cxd4 4. Nxd4 Nc6 5. c3 Nf6 6. Bd3 Bc5 7. Nb3 Be7 8. O-O
a6 9. N1d2 b6 10. Nf3 Qc7 11. Nbd4 Bb7 12. Re1 d6 13. h3 O-O 14. Bf4 e5 15. Nxc6
Bxc6 16. Bg3 Qb7 17. Bh4 Rfe8 18. Bxf6 Bxf6 19. c4 b5 20. b3 Bd8 21. Rc1 f5 22.
Qc2 Ba5 23. Re2 f4 24. Qb1 Bb6 25. a3 Rac8 26. Rd1 Kh8 27. Bc2 Rcd8 28. Nd2 g5
29. Kf1 Rg8 30. f3 h5 31. Ree1 g4 32. Bd3 gxh3 33. gxh3 Rg1+ 34. Ke2 Rg2+ 35.
Kf1 Rf2+ 36. Kg1 Qg7+ {White resigns} 0-1  aics%

[Event "Team 45 45 League T30"]
[Site "Internet Chess Club"]
[Date "2006.05.15"]
[Round "8"]
[White "clarinetref"]
[Black "tryanything"]
[Result "1-0"]
[WhiteElo "1630"]
[BlackElo "1554"]
[TimeControl "2700+45"]

1. Nf3 d5 2. c4 Nf6 3. g3 e6 4. b3 g6 5. Bb2 Bg7 6. Bg2 O-O 7. O-O b6 8. cxd5
exd5 9. Na3 Re8 10. Re1 Bb7 11. Rc1 c6 12. Nc2 Nbd7 13. Ncd4 Rc8 14. e3 Nc5 15.
d3 Ne6 16. Bh3 Rc7 17. Nxe6 fxe6 18. Be5 Rce7 19. Nd4 Qd7 20. a4 c5 21. Nb5 a6
22. Nd6 Rd8 23. Nxb7 Qxb7 24. Rc2 a5 25. Qa1 Rf8 26. Bd6 Ne8 27. Be5 Bxe5 28.
Qxe5 Qd7 29. d4 cxd4 30. exd4 Qd6 31. Bxe6+ Rxe6 32. Qxe6+ Qxe6 33. Rxe6 Nf6 34.
Rxb6 {Black resigns} 1-0  aics%

[Event "Team 45 45 League T30"]
[Site "Internet Chess Club"]
[Date "2006.05.12"]
[Round "8"]
[White "Fineas-Fogg"]
[Black "Just-Jim"]
[Result "1-0"]
[WhiteElo "1470"]
[BlackElo "1326"]
[TimeControl "2700+45"]

1. e4 e5 2. Nf3 Nc6 3. Bb5 d6 4. O-O Bd7 5. d4 Nxd4 6. Bxd7+ Qxd7 7. Nxd4 exd4
8. Qxd4 Ne7 9. Nc3 Nc6 10. Qd3 O-O-O 11. a3 Be7 12. Be3 a6 13. b4 Kb8 14. b5 Ne5
15. Qe2 a5 16. f3 Qe6 17. Nd5 h5 18. Rab1 b6 19. c4 Nd7 20. Rfc1 Nc5 21. Bxc5
dxc5 22. Qe3 Bd6 23. f4 Qh6 24. e5 Rde8 25. Qf3 Be7 26. Rd1 f6 27. Nxc7 Kxc7 28.
Qc6+ Kb8 29. Rd7 Rc8 30. Qb7# {Black checkmated} 1-0  aics%

[Event "Team 45 45 League T30"]
[Site "Internet Chess Club"]
[Date "2006.05.16"]
[Round "8"]
[White "jazzyrick"]
[Black "Joyoyo"]
[Result "0-1"]
[WhiteElo "1616"]
[BlackElo "1639"]
[TimeControl "2700+45"]

1. e4 e5 2. Nf3 Nf6 3. d4 Nxe4 4. Bd3 d5 5. Nxe5 Nd7 6. O-O Nxe5 7. dxe5 Nc5 8.
Nc3 c6 9. Ne2 Be7 10. f4 Nxd3 11. Qxd3 O-O 12. b3 f6 13. Bb2 fxe5 14. Bxe5 Bf5
15. Qd2 Bf6 16. Bxf6 Qxf6 17. Ng3 Rae8 18. Nxf5 Qxf5 19. g3 Re4 20. Qf2 b6 21.
Rad1 Rfe8 22. Rd2 h5 23. Qf3 Re3 24. Qd1 h4 25. g4 Qe4 26. Rd4 Qe6 27. f5 Qe7
28. Rdf4 Qg5 29. Qd4 R3e4 30. Qd2 Re2 31. Qc3 c5 32. Qd3 R8e5 33. R1f3 Re1+ 34.
Kf2 h3 35. Qd2 Qh4+ 36. Rg3 Rh1 37. Kf3 Rf1+ {White resigns} 0-1  aics%

[Event "Team 45 45 League T30"]
[Site "Internet Chess Club"]
[Date "2006.05.14"]
[Round "8"]
[White "AVEMARIA"]
[Black "crankn8tr"]
[Result "1-0"]
[WhiteElo "1710"]
[BlackElo "1648"]
[TimeControl "2700+45"]

1. e4 e5 2. Nf3 Nf6 3. Nxe5 d6 4. Nf3 Nxe4 5. Nc3 Nxc3 6. dxc3 Be7 7. Bf4 O-O 8.
Qd2 Nd7 9. h3 Nc5 10. O-O-O Be6 11. Kb1 a5 12. Bd3 a4 13. Nd4 c6 14. Nf5 Bxf5
15. Bxf5 d5 16. Rhe1 Re8 17. Qd4 Qa5 18. Be5 f6 19. Bf4 Bf8 20. f3 b5 21. h4 Ra7
{Black resigns} 1-0  aics%

[Event "Team 45 45 League T30"]
[Site "Internet Chess Club"]
[Date "2006.05.15"]
[Round "8"]
[White "gessie7"]
[Black "DynamoKyiv"]
[Result "1-0"]
[WhiteElo "1502"]
[BlackElo "1514"]
[TimeControl "2700+45"]

1. e4 e5 2. Nf3 Nc6 3. Bc4 Bc5 4. Nc3 Nf6 5. d3 d6 6. Bg5 Na5 7. Nd5 Nxc4 8.
dxc4 Be6 9. Nxf6+ gxf6 10. Be3 Bxe3 11. fxe3 Bxc4 12. Nd2 Be6 13. Qf3 Rg8 14. h3
Qe7 15. b3 O-O-O 16. O-O-O d5 17. Nf1 dxe4 18. Rxd8+ Rxd8 19. Qe2 f5 20. Ng3 Qb4
21. Qh5 Qd2+ 22. Kb2 Qxg2 23. Qh4 Rd2 24. Rc1 Qf3 25. Nf1 Rd1 26. Qe7 Rxc1 27.
Qe8# {Black checkmated} 1-0  aics%

[Event "Team 45 45 League T30"]
[Site "Internet Chess Club"]
[Date "2006.05.13"]
[Round "8"]
[White "smitty120"]
[Black "MoluscoGrotesco"]
[Result "1-0"]
[WhiteElo "1678"]
[BlackElo "1760"]
[TimeControl "2700+45"]

1. e4 c5 2. Nf3 g6 3. d4 e6 4. e5 cxd4 5. Nxd4 Qa5+ 6. Nc3 Qxe5+ 7. Be3 a6 8.
Qd2 Bb4 9. O-O-O Nc6 10. Nxc6 bxc6 11. Bd4 Bxc3 12. Bxc3 Qc7 13. Bxh8 f6 14. Bg7
g5 15. h4 d5 16. hxg5 Qxg7 17. gxf6 Nxf6 18. Qh6 Qe7 19. Bd3 Ra7 20. g4 Rb7 21.
g5 Ne4 22. Bxe4 dxe4 23. g6 Qb4 24. b3 Qc3 25. Kb1 hxg6 26. Qxg6+ Kf8 27. Rd8+
{Black resigns} 1-0  aics%

[Event "Team 45 45 League T30"]
[Site "Internet Chess Club"]
[Date "2006.05.15"]
[Round "8"]
[White "kamu"]
[Black "BorgCollective"]
[Result "0-1"]
[WhiteElo "1636"]
[BlackElo "1868"]
[TimeControl "2700+45"]

1. e4 d5 2. exd5 Nf6 3. c4 e6 4. d4 exd5 5. Nc3 Bb4 6. a3 Bxc3+ 7. bxc3 O-O 8.
Bd3 dxc4 9. Bxc4 c6 10. Nf3 Ne4 11. Qc2 Qa5 12. Bb2 Nd6 13. Bd3 Bf5 14. O-O Bxd3
15. Qxd3 Re8 16. Bc1 Nd7 17. Ng5 Nf6 18. Bf4 Nde4 19. c4 Nxg5 20. Bxg5 Qxg5 21.
Ra2 Re4 22. Rd1 Rd8 23. Rad2 Rexd4 24. Qxd4 Rxd4 25. Rxd4 h6 26. Rd8+ Kh7 27.
Rb8 Ng4 28. h3 Nxf2 29. Kxf2 Qf4+ 30. Kg1 Qxb8 31. Rd7 Kg6 {White resigns} 0-1 
aics%